 Dungeon Crawl Stone Soup version 0.30-a0-58-gc0703345a7 (webtiles) character file.

Game seed: 5336092005923614650

336 flotson the Sneak (level 6, -6/48 HPs)
             Began as a Demonspawn Delver on Sept 11, 2022.
             Mangled by an ogre
             ... wielding a +0 giant club
              (22 damage)
             ... on level 4 of the Dungeon.
             The game lasted 00:06:10 (3989 turns).

flotson the Sneak (Demonspawn Delver)               Turns: 3989, Time: 00:06:10

Health: -6/48      AC:  8    Str: 14    XL:     6   Next: 28%
Magic:  15/15      EV: 11    Int: 12    God:
Gold:   106        SH:  0    Dex: 14    Spells: 5/5 levels left

rFire   + . .      SeeInvis .    a - +3 hammer of the Dove {spect, rF+ rN+ MP+9}
rCold   . . .      Faith    .    (no shield)
rNeg    + . .      Spirit   .    z - +0 ring mail
rPois   +          Reflect  .    m - +0 helmet
rElec   .          Harm     .    C - +0 cloak
rCorr   .          Rampage  .    l - +0 pair of gloves
Will    .....                    (no boots)
Stlth   ++........               x - amulet of the acrobat
HPRegen 0.16/turn                j - ring of poison resistance
MPRegen 0.14/turn                (no ring)

@: no status effects
A: spiny 1
a: no special abilities


You were on level 4 of the Dungeon.
You visited 1 branch of the dungeon, and saw 5 of its levels.

You collected 168 gold pieces.
You spent 62 gold pieces at shops.

Inventory:

Hand Weapons
 a - the +3 hammer of the Dove (weapon) {spect, rF+ rN+ MP+9}
   (You found it on level 3 of the Dungeon)

   When its wielder attacks, the weapon's spirit leaps out and strikes again.
   The spirit shares a part of any damage it takes with its wielder.
   rF:        It protects you from fire.
   rN:        It protects you from negative energy.
   MP:        It affects your magic capacity (+9).
 b - a +0 sling
Missiles
 w - 6 javelins
Armour
 l - a +0 pair of gloves (worn)
 m - a +0 helmet (worn)
 y - a scarf of invisibility
 z - a +0 ring mail (worn)
 C - a +0 cloak (worn)
Jewellery
 j - a ring of poison resistance (left hand)
 x - an amulet of the acrobat (around neck)
Wands
 g - a wand of digging (3)
Scrolls
 c - 3 scrolls of fog
 e - a scroll of fear
 i - a scroll of noise {unknown}
 o - a scroll of magic mapping
 p - a scroll of summoning {unknown}
 q - 5 scrolls of identify {unknown}
 s - a scroll of amnesia {unknown}
 t - 2 scrolls of immolation {unknown}
 v - a scroll of blinking {unknown}
Potions
 d - a potion of might {unknown}
 f - a potion of lignification {unknown}
 h - a potion of invisibility {unknown}
 k - a potion of attraction {unknown}
 n - 2 potions of flight {unknown}
 r - a potion of mutation {unknown}
 u - a potion of ambrosia {unknown}
 A - a potion of haste
 B - a potion of berserk rage {unknown}


   Skills:
 + Level 4.2 Fighting
 - Level 1.7(1.8) Axes
 + Level 0.1(1.1) Maces & Flails
 - Level 1.0 Ranged Weapons
 + Level 1.4 Throwing
 + Level 2.3 Armour
 + Level 3.1 Dodging
 - Level 4.5 Stealth
 + Level 2.6 Evocations


You had 5 spell levels left.
You didn't know any spells.
Your spell library contained the following spells:

 Spells                   Type           Power      Damage    Failure   Level
 Inner Flame              Hex/Fire       0%         N/A       89%         3
 Cause Fear               Hex            0%         N/A       100%        4
 Discord                  Hex            0%         N/A       100%        8


Dungeon Overview and Level Annotations

Branches:
Dungeon (5/15)
 Temple: D:4-7

Altars:

Shops:
D:1 (


Innate Abilities, Weirdness & Mutations

You are partially covered in sharp spines.


Message History

There is a stone staircase leading down here.
You climb downwards.
There is a stone staircase leading up here.
There are monsters nearby!
The white imp shouts!
You hear a shout!
The white imp gestures at you. The puff of frost misses you.
The endoplasm quivers.
You hit the white imp.
The white imp is heavily wounded.
The white imp gestures at you. The puff of frost hits you.
You barely miss the white imp.
The white imp is heavily wounded.
The white imp closely misses you. The endoplasm freezes you.
You are frozen.
The white imp gestures at you. The puff of frost hits you!
The endoplasm freezes you.
You are frozen.
You barely miss the white imp.
The white imp is heavily wounded.
The white imp gestures at you. The puff of frost misses you.
The puff of frost hits the endoplasm!
The endoplasm dies!
You hit the white imp.
The white imp is almost dead.
The white imp hits you. The white imp freezes you.
You thump the white imp!
You kill the white imp!
The ogre hits you with a +0 giant club!
You sock the ogre!
The ogre is moderately wounded.
The ogre barely misses you.
You hit the ogre.
The ogre is moderately wounded.
The ogre is struck by your spines.
The ogre hits you with a +0 giant club!!
You die...

#### #### #..
##... #.# #..# #@#
##.# #O#
#####..#######+#<#
................##
####>........O..
#+#..........
............
.............
...............


You could see an ogre.

Vanquished Creatures
  A hound (D:3)
  Crazy Yiuf (D:3)
  Jessica (D:2)
  Natasha (thrice) (D:2)
  Terence (D:2)
  Robin (D:2)
  3 adders
  A white imp (D:4)
  An ufetubus (D:4)
  3 dart slugs
  3 worms
  2 orcs
  4 bats
  2 endoplasms
  2 giant cockroaches
  11 goblins
  10 hobgoblins
  8 jackals (D:1)
  6 kobolds
  6 quokkas
  4 ball pythons
  7 frilled lizards
  5 rats
86 creatures vanquished.

Vanquished Creatures (others)
  An endoplasm (D:4)
1 creature vanquished.

Grand Total: 87 creatures vanquished

Notes
Turn   | Place    | Note
-------+----------+-------------------------------------------
     0 | D:5      | flotson the Demonspawn Delver began the quest for the Orb.
     0 | D:5      | Reached XP level 1. HP: 18/18 MP: 1/1
    14 | D:5      | Noticed a scorpion
    35 | D:4      | Noticed an ogre
    37 | D:4      | Identified the amulet of Rapeth {Faith Dex+2}
   223 | D:4      | Gained mutation: You are partially covered in sharp spines.
                  | [demonic ancestry]
   223 | D:4      | Reached XP level 2. HP: 17/24 MP: 2/2
   412 | D:3      | Reached skill level 1 in Armour
   412 | D:3      | Reached skill level 1 in Evocations
   412 | D:3      | Reached XP level 3. HP: 15/29 MP: 3/3
   752 | D:2      | Noticed Robin
   951 | D:2      | Killed Robin
   952 | D:2      | Reached XP level 4. HP: 28/36 MP: 4/4
  1400 | D:1      | Found Oppull's Weapon Shop.
  1428 | D:1      | Bought 6 javelins for 62 gold pieces
  1728 | D:1      | Found a faded altar of an unknown god.
  1978 | D:2      | Reached XP level 5. HP: 42/42 MP: 5/5
  1984 | D:2      | Noticed Terence
  2005 | D:2      | Killed Terence
  2130 | D:2      | Noticed Jessica
  2136 | D:2      | Killed Jessica
  2137 | D:2      | Reached skill level 1 in Ranged Weapons
  2281 | D:2      | Noticed Natasha
  2309 | D:2      | Killed Natasha
  2423 | D:2      | Noticed Natasha
  2433 | D:2      | Killed Natasha
  2434 | D:2      | Reached skill level 1 in Throwing
  2718 | D:2      | Noticed Natasha
  2861 | D:2      | Killed Natasha
  2862 | D:2      | Reached XP level 6. HP: 42/48 MP: 6/6
  3473 | D:3      | Found a runed translucent door.
  3482 | D:3      | Identified the +6 hammer of Disaster {vorpal, Int+2}
  3485 | D:3      | Identified the +4 hammer of Neurosis {vorpal, *Noise rF+
                  | rC+ Dex+3}
  3489 | D:3      | Noticed Crazy Yiuf
  3492 | D:3      | Identified the +3 hammer of the Dove {spect, rF+ rN+ MP+9}
  3913 | D:3      | Killed Crazy Yiuf
  3989 | D:4      | Mangled by an ogre

Illustrated notes

Levels and vault maps discovered:
D:1:      dpeg_arrival_ternary, layout_loops_ring, serial_shops,
          nicolae_diamond_shop, hellmonk_ecumenical_altar_pennies_from_heaven
D:2:      layout_rooms, uniq_robin, uniq_terence, uniq_natasha, uniq_jessica
D:3:      layout_loops_ring, glass_columns_c, uniq_crazy_yiuf_cottage
D:4:      layout_basic, minmay_temple_entry_trees
D:5:      layout_cave_pools, ebering_ghost_rock_garden

Skill      XL: |  1  2  3  4  5 |
---------------+----------------+-----
Dodging        | 2 3 |  3.1
Armour         | 1 2 |  2.3
Evocations     | 1 2 |  2.6
Ranged Weapons | 1 |  1.0
Fighting       | 4 |  4.2
Throwing       | 1 |  1.4
Axes           | |  1.7
Maces & Flails | |  0.1
Stealth        | |  4.5

Action                   |  1- 3 |  4- 6 || total
-------------------------+-------+-------++-------
Melee: Hand axe          |    12 |       ||    12
       Flail             |    49 |    45 ||    94
       Punch             |     2 |     1 ||     3
       Mace              |       |    13 ||    13
 Fire: Sling             |       |   115 ||   115
  Use: Scroll            |     1 |       ||     1
       Potion            |     1 |       ||     1
 Stab: Sleeping          |       |     3 ||     3
Armor: Leather armour    |    25 |    14 ||    39
       Ring mail         |       |    17 ||    17
Dodge: Dodged            |    45 |    65 ||   110

Table legend: (Time is in decaauts)
 A = Elapsed time spent in this place.
 B = Non-inter-level travel time spent in this place.
 C = Inter-level travel time spent in this place.
 D = Time resting spent in this place.
 E = Time spent auto-exploring this place.
 F = Levels seen in this place.
 G = Mean time per level.
                   A        B        C        D        E       F      G
               +--------+--------+--------+--------+--------+-----+--------+
         Total |   4057 |   3893 |    164 |      0 |   3166 |   5 |  811.4 |
       Dungeon |   4057 |   3893 |    164 |      0 |   3166 |   5 |  811.4 |
               +--------+--------+--------+--------+--------+-----+--------+

Top non-repeatable levels by time:
     D:2: 1797 daAuts
     D:3: 1191 daAuts
     D:1: 713 daAuts
     D:4: 326 daAuts
     D:5: 27 daAuts
